AoeStats
← Iztacoyolt

Lombardia

509778427Analyzed
2v2 RM · 3d ago on Sep 28, 2026· 51m 52s· 4 players
Game mode
Random Map
Map size
Medium (4 player)
Population
200
Speed
Normal
Resources
Standard
Victory
Conquest
Starting age
Dark Age
Ending age
Imperial Age
RankedLock teamsTeams togetherTeam positionsShared explorationLock speedFull tech treeHidden civsTurbo modeCheats
Victory
Defeat
🇧🇷 Franks · Brazil
1163
+18
🇲🇽 Mongols · Mexico
1158
+17
🇭🇰 Danes · Hong Kong SAR China
1206
-18
🇹🇼 Byzantines · Taiwan
1186
-17
Iztacoyolt
3:03 Loom
7:57 Feudal Age
15:49 Castle Age
14:48 Stone Mining
14:44 Double-Bit Axe
14:58 Horse Collar
15:44 Gold Mining
18:07 Fletching
20:38 Padded Archer Armor
22:56 Ballistics
23:16 Wheelbarrow
23:10 Bodkin Arrow
32:26 Leather Archer Armor
41:08 Imperial Age
39:35 Hand Cart
39:43 Bow Saw
39:39 Heavy Plow
40:31 Stone Shaft Mining
40:42 Gold Shaft Mining
41:23 Town Watch
41:14 Elite Mangudai
42:17 Conscription
42:23 Bracer
42:58 Bloodlines
42:16 Light Cavalry
43:34 Capped Ram
44:55 Drill
45:05 Drill
45:07 Caravan
45:15 Scale Barding Armor
45:21 Forging
44:33 Hussar
45:22 Siege Ram
47:17 Chain Barding Armor
47:33 Iron Casting
49:18 Chemistry
50:51 Blast Furnace
51:19 Parthian Tactics
50:59 Thumb Ring
Leetz
11:28 Feudal Age
12:45 Double-Bit Axe
16:34 Castle Age
19:00 Bow Saw
20:02 Stone Mining
20:38 Husbandry
24:17 Wheelbarrow
23:30 Town Watch
23:31 Loom
25:31 Hand Cart
26:08 Forging
26:04 Scale Barding Armor
36:23 Imperial Age
37:26 Ballistics
38:06 Chemistry
37:44 Iron Casting
36:35 Cavalier
38:53 Conscription
39:12 Town Patrol
39:14 Caravan
41:06 Blast Furnace
40:26 Chain Barding Armor
39:59 Fletching
40:09 Padded Archer Armor
41:01 Chivalry
42:43 Paladin
KuPanda
9:29 Loom
11:21 Feudal Age
13:15 Double-Bit Axe
16:09 Castle Age
14:39 Horse Collar
17:18 Squires
17:05 Arson
18:44 Wheelbarrow
19:26 Bow Saw
19:46 Scale Mail Armor
24:02 Heavy Plow
24:16 Town Watch
27:28 Chain Mail Armor
28:56 Hamask
29:48 Forging
34:48 Hand Cart
38:20 Imperial Age
37:55 Town Patrol
38:42 Stone Mining
38:48 Gold Mining
40:43 Conscription
41:28 Plate Mail Armor
41:11 Elite Jomsviking
44:07 Fletching
44:51 Northmen's Fury
50:56 Iron Casting
夕海真雪
9:21 Loom
11:10 Feudal Age
12:02 Double-Bit Axe
12:03 Horse Collar
16:18 Wheelbarrow
19:08 Castle Age
20:40 Bow Saw
21:31 Hand Cart
21:33 Heavy Plow
24:27 Elite Skirmisher
27:04 Padded Archer Armor
26:55 Fletching
36:03 Fortified Wall
36:14 Gold Mining
36:18 Stone Mining
36:35 Bodkin Arrow
38:58 Ballistics
42:20 Imperial Age
40:34 Leather Archer Armor
41:26 Thumb Ring
43:25 Bracer
43:56 Ring Archer Armor
45:19 Conscription
50:00 Scale Barding Armor
50:06 Forging
50:09 Heavy Camel Rider
51:30 Husbandry
51:52 Chain Barding Armor
52:07 Iron Casting
Connection lost

Rejoining the realm…

Still unreachable

The connection could not be restored.

Session expired

The server has moved on; the page needs a fresh start.